 Dungeon Crawl Stone Soup version 0.23.1 (webtiles) character file.

Game seed: 4606212456255113986

4339 dhn the Cleaver (level 10, -1/86 HPs)
             Began as a Minotaur Fighter on Mar 13, 2019.
             Slain by an orc warrior
             ... wielding a +0 halberd
              (9 damage)
             ... in a bailey.
             The game lasted 00:18:40 (7399 turns).

dhn the Cleaver (Minotaur Fighter)                  Turns: 7399, Time: 00:18:41

Health: -1/86      AC: 15    Str: 18    XL:     10   Next: 12%
Magic:  18/18      EV:  5    Int:  6    God:
Gold:   0          SH: 14    Dex: 12    Spells: 9/9 levels left

rFire    . . .     SeeInvis .   l - +0 broad axe
rCold    . . .     Gourm    .   c - +0 shield
rNeg     . . .     Faith    .   t - +0 plate armour
rPois    .         Spirit   .   (helmet restricted)
rElec    .         Reflect  +   I - +0 cloak
rCorr    .         Harm     .   (no gloves)
MR       .....                  (no boots)
Stlth    ..........             j - +3 amulet of reflection
HPRegen  0.24/turn              J - -3 ring of strength (curse)
MPRegen  0.16/turn              K - ring of magical power

@: no status effects
A: retaliatory headbutt, horns 2
a: no special abilities


You were in a bailey.
You were not hungry.

You visited 1 branch of the dungeon, and saw 8 of its levels.
You also visited: Bailey.

Inventory:

Hand Weapons
 l - a +0 broad axe (weapon)
 v - a +0 trident
Armour
 b - a +0 scale mail
 c - a +0 shield (worn)
 t - a +0 plate armour (worn)
 I - a +0 cloak (worn)
Jewellery
 j - a +3 amulet of reflection (around neck)
 s - a +4 ring of dexterity
 y - a +2 amulet of reflection
 J - a cursed -3 ring of strength (left hand)
 K - a ring of magical power (right hand)
Wands
 a - a wand of polymorph (5)
 G - a wand of iceblast (8)
 M - a wand of scattershot (4)
Scrolls
 e - 4 scrolls of teleportation
 h - 11 scrolls of identify
 n - a scroll of noise
 w - 2 scrolls of fog
 x - a scroll of amnesia
 B - a scroll of random uselessness {unknown}
 C - a scroll of silence {unknown}
 E - a scroll of enchant armour {unknown}
 F - a scroll of enchant weapon {unknown}
Potions
 i - a potion of resistance {unknown}
 k - 2 potions of flight {unknown}
 o - 2 potions of invisibility {unknown}
 q - a potion of agility
 r - 2 potions of degeneration {unknown}
 z - a potion of lignification {unknown}
 A - a potion of haste
 D - 2 potions of brilliance {unknown}
 H - 2 potions of curing {unknown}
 L - 2 potions of berserk rage {unknown}
Comestibles
 f - 11 rations


   Skills:
 + Level 7.1 Fighting
 + Level 10.9 Axes
 + Level 9.5 Armour
 + Level 1.8 Dodging
 + Level 0.4 Stealth
 + Level 9.2 Shields
 + Level 1.0 Evocations


You had 9 spell levels left.
You didn't know any spells.
Your spell library contained the following spells:

 Spells                   Type           Power        Failure   Level  Hunger
 Corona                   Hex            #......      100%        1    ##.....
 Slow                     Hex            #.......     100%        2    ###....
 Inner Flame              Hex/Fire       #.......     100%        3    ####...
 Portal Projectile        Hex/Tloc       #.....       100%        3    ####...
 Cause Fear               Hex            #.........   100%        4    #####..
 Leda's Liquefaction      Hex/Erth       #.........   100%        4    #####..


Dungeon Overview and Level Annotations

Branches:
Dungeon (8/15)             Temple (0/1) D:4
   Lair: D:8-11

Altars:
Dithmenos

Annotations:
D:7 Maurice


Innate Abilities, Weirdness & Mutations

You reflexively headbutt those who attack you in melee.
You have a pair of horns on your head.


Message History

You block the orc warrior's attack. x2
There is an open door, spattered with blood here.
You barely miss the orc warrior. You headbutt the orc warrior!
The orc warrior is moderately wounded.
The orc warrior splashes around in the water.
The orc warrior hits you with a +0 halberd!
You hit the orc warrior. Your headbutt misses the orc warrior.
The orc warrior is heavily wounded.
The orc warrior hits you from afar with a +0 glaive!
* * * LOW HITPOINT WARNING * * *
The orc warrior hits you but does no damage.
You closely miss the orc warrior.
The orc warrior is heavily wounded.
You block the orc warrior's attack.
The orc warrior hits you with a +0 halberd!
* * * LOW HITPOINT WARNING * * *
You closely miss the orc warrior. You headbutt the orc warrior.
The orc warrior is heavily wounded.
The orc warrior hits you with a +0 halberd!
You die...

.^))≈≈≈≈≈≈≈≈≈≈≈≈≈≈≈≈≈..^.)≈......
#.∩#≈≈≈≈≈≈≈≈≈≈≈≈≈≈≈≈≈#∩.##≈......
#.#≈≈≈≈≈≈≈≈###≈≈≈≈≈≈≈≈#.#≈≈......
≈≈≈≈≈≈≈≈#########≈≈≈≈≈≈≈≈≈≈......
≈≈≈≈≈≈≈##≈≈≈≈≈≈≈##≈≈≈≈≈≈≈≈≈......
≈≈≈≈≈≈##≈≈#'#+#≈≈##≈≈≈≈≈≈≈≈......
≈≈≈≈≈≈# ##≈o#≈≈≈≈≈≈≈≈......
≈≈≈≈≈## ###o##≈≈≈≈≈≈≈......
≈≈≈≈≈# #)@≈##≈≈≈≈≈≈≈...... ≈≈≈≈≈#
###)##≈≈≈≈≈≈≈...... ≈≈≈≈≈#
#.)≈##≈≈≈≈≈≈≈...... ≈≈≈≈≈##
###≈##≈≈≈≈≈≈≈...... ≈≈≈≈≈≈#
#≈≈##≈≈≈≈≈≈≈...... ≈≈≈≈≈≈##
#≈≈≈≈≈≈≈≈≈≈≈...... ≈≈≈≈≈≈≈##
#≈≈≈≈≈≈≈≈≈≈≈...... ≈≈≈≈≈≈≈≈##
#≈≈≈≈≈≈≈≈≈≈≈......
#(#≈≈≈≈≈≈#######≈≈≈≈≈≈#.#≈≈......


You could see 2 orc warriors.

Vanquished Creatures
  Pikel (D:4)
  Grinder (D:5)
  A hornet (D:6)
  A hippogriff (D:7)
  Grum (D:8)
  Eustachio (D:5)
  A water moccasin (D:5)
  5 orc warriors
  An ice beast (D:5)
  4 ogres
  2 wolves (D:8)
  2 centaurs
  3 bullfrogs
  4 killer bees (D:7)
  4 wights (D:7)
  A howler monkey (D:7)
  3 crimson imps
  2 hounds
  An orc priest (D:5)
  A centaur skeleton (D:6)
  A jelly (D:5)
  An orc wizard (D:5)
  3 iguanas
  2 worker ants
  5 adders
  10 gnolls
  A howler monkey skeleton (D:6)
  2 oozes
  An adder zombie (D:5)
  5 worms
  3 dart slugs
  5 leopard geckos
  17 orcs
  2 ball pythons
  10 giant cockroaches
  5 goblins
  3 hobgoblins (D:1)
  7 jackals
  7 kobolds
  6 quokkas
  12 bats
  2 frilled lizards (D:1)
  A leopard gecko skeleton (D:5)
  A quokka zombie (D:6)
  6 rats
158 creatures vanquished.

Vanquished Creatures (others)
  5 orc warriors (Bailey)
  2 slaves (D:5)
  A gnoll sergeant (D:5)
  8 orcs (Bailey)
  A goblin (D:3)
17 creatures vanquished.

Grand Total: 175 creatures vanquished

Notes
Turn   | Place    | Note
-------+----------+-------------------------------------------
     0 | D:1      | dhn the Minotaur Fighter began the quest for the Orb.
     0 | D:1      | Reached XP level 1. HP: 19/19 MP: 0/0
    97 | D:1      | Reached XP level 2. HP: 24/27 MP: 1/1
   492 | D:1      | Reached XP level 3. HP: 33/33 MP: 2/2
   649 | D:3      | Noticed a centaur
   656 | D:3      | Killed a centaur
   656 | D:3      | Reached skill level 3 in Axes
   656 | D:3      | Reached XP level 4. HP: 35/40 MP: 3/3
   843 | D:3      | Reached skill level 4 in Axes
   996 | D:2      | Reached XP level 5. HP: 47/47 MP: 4/4
  1308 | D:2      | Reached skill level 5 in Armour
  1323 | D:2      | Reached skill level 1 in Dodging
  1878 | D:4      | Found a staircase to the Ecumenical Temple.
  1903 | D:4      | Reached skill level 5 in Axes
  1931 | D:4      | Reached XP level 6. HP: 28/53 MP: 5/5
  2137 | D:4      | Identified the cursed +1 rapier "Mausarghe" {flame, *Drain
                  | rN+ Dex+5 SInv} (You found it on level 4 of the Dungeon)
  2572 | D:5      | Entered Level 5 of the Dungeon
  2703 | D:5      | Noticed a water moccasin
  2706 | D:5      | Killed a water moccasin
  2706 | D:5      | Reached skill level 5 in Fighting
  2706 | D:5      | Reached skill level 6 in Axes
  2706 | D:5      | Reached skill level 5 in Shields
  2728 | D:5      | Reached XP level 7. HP: 59/61 MP: 6/6
  2787 | D:5      | Noticed Pikel
  3047 | D:6      | Noticed a hornet
  3060 | D:6      | Killed a hornet
  3060 | D:6      | Reached skill level 7 in Axes
  3382 | D:6      | Reached XP level 8. HP: 65/69 MP: 7/7
  3468 | D:6      | Reached skill level 8 in Axes
  3704 | D:6      | You fall through a shaft!
  3776 | D:7      | Noticed a hippogriff
  3785 | D:7      | Killed a hippogriff
  4086 | D:7      | Reached skill level 9 in Axes
  4277 | D:7      | Reached XP level 9. HP: 70/78 MP: 8/8
  4701 | D:6      | Found a shadowy altar of Dithmenos.
  5250 | D:4      | Killed Pikel
  5316 | D:5      | Noticed Grinder
  5325 | D:5      | Reached skill level 10 in Axes
  5334 | D:5      | Killed Grinder
  5340 | D:5      | Noticed Eustachio
  5372 | D:5      | Killed Eustachio
  5698 | D:8      | Noticed Grum
  5698 | D:8      | Noticed Maurice
  6109 | D:8      | Killed Grum
  6152 | D:8      | Found a flagged portal.
  6160 | Bailey   | Entered a bailey
  6811 | Bailey   | Reached XP level 10. HP: 75/86 MP: 9/9
  7365 | Bailey   | Identified the amulet of Loerphaf {Reflect rElec Str+5
                  | SH+2}
  7378 | Bailey   | Reached skill level 1 in Evocations
  7399 | Bailey   | Slain by an orc warrior

Skill      XL: |  1  2  3  4  5  6  7  8  9 10 |
---------------+-------------------------------+-----
Armour         | 4 5 6 7 9 |  9.5
Fighting       | 4 5 6 7 |  7.1
Axes           | 3 4 5 6 7 9 10 | 10.9
Shields        | 4 5 6 7 8 9 |  9.2
Dodging        | 1 |  1.8
Evocations     | 1 |  1.0
Stealth        | |  0.4

Action                   |  1- 3 |  4- 6 |  7- 9 | 10-12 || total
-------------------------+-------+-------+-------+-------++-------
Melee: War axe           |    41 |     7 |       |       ||    48
       Headbutt          |     6 |    34 |    51 |     3 ||    94
       Broad axe         |       |   179 |   300 |    26 ||   505
Evoke: Wand              |       |       |     2 |     1 ||     3
  Use: Scroll            |       |     1 |     6 |       ||     7
  Eat: Chunk             |       |     6 |     6 |       ||    12
       Ration            |       |       |     2 |     1 ||     3
Armor: Scale mail        |    20 |    43 |       |       ||    63
       Plate armour      |       |    45 |   151 |     8 ||   204
       Skin              |       |       |     2 |       ||     2
Dodge: Dodged            |    12 |    38 |    67 |     3 ||   120
Block: Shield            |    31 |   143 |   264 |    38 ||   476
       Reflection        |     2 |     7 |    50 |    15 ||    74
